 Dungeon Crawl Stone Soup version 0.25.0-26-g0c896c7088 (webtiles) character file.

Game seed: 15899826926724984315

58484 protoss039 the Eclecticist (level 14, -6/68 HPs)
             Began as a Deep Elf Earth Elementalist on June 30, 2020.
             Was a High Priest of Vehumet.
             Mangled by an elephant (7 damage)
             ... while petrified by a basilisk
             ... on level 4 of the Lair of Beasts.
             The game lasted 01:02:27 (23679 turns).

protoss039 the Eclecticist (DEEE)                  Turns: 23679, Time: 01:02:29

Health: -6/68      AC:  7    Str:  7    XL:     14   Next: 49%
Magic:  38/49      EV:  2    Int: 39    God:    Vehumet [*****.]
Gold:   1163       SH:  0    Dex: 15    Spells: 13/54 levels left

rFire    x . .     SeeInvis .   y - +3 spear
rCold    . . .     Gourm    .   V - +2 kite shield
rNeg     + + +     Faith    .   S - +1 robe {MR+}
rPois    ∞         Spirit   .   o - +0 helmet
rElec    +         Reflect  +   s - +0 cloak
rCorr    .         Harm     .   a - +0 pair of gloves
MR       ++...                  n - +0 pair of boots
Stlth    ++........             G - amulet of reflection
HPRegen  0.21/turn              k - ring of Lies {rElec rF- MP+9 Str+2 Int+7}
MPRegen  0.31/turn              x - +6 ring of intelligence

@: petrified
A: no striking features
a: Renounce Religion


You were on level 4 of the Lair of Beasts.
You worshipped Vehumet.
Vehumet was extremely pleased with you.
You were not hungry.

You visited 3 branches of the dungeon, and saw 20 of its levels.
You also visited: Gauntlet.

You collected 1231 gold pieces.
You spent 68 gold pieces at shops.

Inventory:

Hand Weapons
 y - a +3 spear (weapon)
Missiles
 b - 298 stones (quivered)
Armour
 a - a +0 pair of gloves (worn)
 n - a +0 pair of boots (worn)
 o - a +0 helmet (worn)
 q - a +3 leather armour
 s - a +0 cloak (worn)
 S - a +1 robe of magic resistance (worn)
 V - a +2 kite shield (worn)
Jewellery
 k - the ring of Lies (left hand) {rElec rF- MP+9 Str+2 Int+7}
   (You found it on level 9 of the Dungeon)

   [ring of magical power]

   It affects your strength (+2).
   It affects your intelligence (+7).
   It makes you vulnerable to fire.
   It insulates you from electricity.
   It affects your magic capacity (+9).
 u - an uncursed ring of protection from cold
 x - a +6 ring of intelligence (right hand)
 G - an amulet of reflection (around neck)
 H - an uncursed ring of protection from magic {unknown}
 J - a +6 ring of dexterity {unknown}
 K - an uncursed ring of resist corrosion {unknown}
 M - an uncursed amulet of regeneration
 N - a +4 ring of protection
Wands
 m - a wand of enslavement (4)
 p - a wand of iceblast (18)
 w - a wand of random effects (12)
 C - a wand of acid (21)
 F - a wand of disintegration (12)
 T - a wand of digging (3)
Scrolls
 e - 7 scrolls of remove curse
 g - 2 scrolls of vulnerability {unknown}
 h - 6 scrolls of amnesia
 i - a scroll of fear {unknown}
 l - 2 scrolls of fog {unknown}
 t - 5 scrolls of enchant weapon
 z - 3 scrolls of enchant armour {unknown}
 A - 4 scrolls of teleportation
Potions
 c - a potion of flight
 f - a potion of might
 r - 2 potions of ambrosia
 v - a potion of haste
 B - 5 potions of curing
 D - 2 potions of brilliance
 E - 3 potions of lignification
 I - 2 potions of heal wounds
 L - 2 potions of cancellation
 O - 2 potions of berserk rage
Comestibles
 d - 24 rations


   Skills:
 * Level 0.7 Fighting
 - Level 2.5 Dodging
 - Level 2.4 Stealth
 * Level 0.8 Shields
 + Level 20.7 Spellcasting
 + Level 7.2 Conjurations
 + Level 6.5 Transmutations
 * Level 17.4 Earth Magic


You had 13 spell levels left.
You knew the following spells:

 Your Spells              Type           Power        Failure   Level  Hunger
a - Sandblast             Erth           ######       0%          1    None
b - Passwall              Tmut/Erth      #######.     1%          2    None
c - Stone Arrow           Conj/Erth      ######       1%          3    None
d - Petrify               Tmut/Erth      #######.     1%          4    None
e - Lee's Rapid Deconstr  Erth           ########..   1%          5    None
f - Statue Form           Tmut/Erth      #######..    4%          6    None
g - Iron Shot             Conj/Erth      #######...   1%          6    None
h - Shatter               Erth           ########..   58%         9    ####...
i - Fireball              Conj/Fire      ######....   7%          5    None

Your spell library contained the following spells:

 Spells                   Type           Power        Failure   Level  Hunger
 Starburst                Conj/Fire      ######....   32%         6    None
 Foxfire                  Conj/Fire      ####         1%          1    None
 Shock                    Conj/Air       ####         1%          1    None
 Conjure Flame            Conj/Fire      ######..     1%          3    None
 Static Discharge         Conj/Air       ######..     1%          3    None
 Leda's Liquefaction      Hex/Erth       #######...   1%          4    None
 Bolt of Magma            Conj/Fire/Erth #######...   1%          5    None
 Sticky Flame             Conj/Fire      ######..     2%          4    None
 Inner Flame              Hex/Fire       #####...     3%          3    None
 Swiftness                Chrm/Air       #####...     6%          2    None
 Lightning Bolt           Conj/Air       ######....   7%          5    None
 Yara's Violent Unravell  Hex/Tmut       ######....   8%          5    None
 Airstrike                Air            #####.....   11%         4    None
 Confusing Touch          Hex            #####...     12%         3    None
 Gell's Gravitas          Tloc           #####.....   12%         3    None
 Metabolic Englaciation   Hex/Ice        #####.....   71%         5    None


Dungeon Overview and Level Annotations

Branches:
Dungeon (15/15)            Temple (1/1) D:4            Lair (4/6) D:11
    Orc (0/2) D:12         Vaults (0/5) D:13         Depths (0/5) D:15
Gauntlet (visited)
  Swamp: Lair:2-4    Shoals: Lair:2-4     Snake: Lair:2-4    Spider: Lair:2-4

Altars:
Ashenzari
Cheibriados
Dithmenos
Elyvilon
Fedhas
Gozag
Hepliaklqana
Kikubaaqudgha
Makhleb
Nemelex Xobeh
Okawaru
Qazlal
Ru
Sif Muna
Trog
Uskayaw
Vehumet
Wu Jian
Xom
Yredelemnul
Zin
The Shining One

Shops:
D:7 *   D:9 *

Annotations:
D:6 1 exclusion
D:7 Dowan, Duvessa, Pikel
D:8 1 exclusion


Message History

You hold your ground!
The elephant trunk-slaps you but does no damage.
The wyvern bites you! The elephant tramples you!
* * * LOW HITPOINT WARNING * * *
You hold your ground!
The elephant trunk-slaps you. The basilisk gazes at you.
You resist with almost no effort. The wyvern bites you.
* * * LOW HITPOINT WARNING * * *
The elephant tramples you!
* * * LOW HITPOINT WARNING * * *
You hold your ground!
The elephant trunk-slaps you but does no damage.
The elephant tramples you!
* * * LOW HITPOINT WARNING * * *
You hold your ground!
The elephant barely misses you. The wyvern bites you.
* * * LOW HITPOINT WARNING * * *
The basilisk bites you.
* * * LOW HITPOINT WARNING * * *
The elephant tramples you!
You die...

# ##. ###### ##### ####
#...####l@#.####.#.####.#.
........lYY...............
.....^...S................
...............##.....##P.
..###..##.#...†.########P.
#.#.#.#.#....#.P#####..
...†...........+....##..
...........#...###....##..
.. ............##P....###.


You could see 2 elephants, a basilisk, a water moccasin and a wyvern.

Vanquished Creatures
  Gastronok (Lair:2)
  A minotaur (Gauntlet)
  2 great orbs of eyes
  2 catoblepae (Lair:2)
  2 hydras (Lair:2)
  2 centaur warriors
  7 two-headed ogres
  Erica (D:8)
  A death knight (D:13)
  A death scarab (Gauntlet)
  A queen ant (Lair:2)
  9 skeletal warriors
  3 unseen horrors (D:13)
  A wizard (D:15)
  A spectral hydra (Gauntlet)
  A wolf spider (D:15)
  A necromancer (D:13)
  2 deep elf magi
  A manticore (D:15)
  3 oklob plants
  8 ugly things
  4 cyclopes
  Maurice (D:12)
  4 elephants
  A gargoyle (D:12)
  3 centaur zombies
  2 black mambas
  Psyche (D:8)
  4 spiny frogs
  4 komodo dragons
  2 freezing wraiths (D:13)
  A komodo dragon (shapeshifter) (D:14)
  4 trolls
  5 slime creatures (D:15)
  10 hippogriffs
  A dream sheep (shapeshifter) (D:15)
  5 flying skulls (Gauntlet)
  25 yaks
  A spriggan (D:8)
  3 basilisks
  3 wraiths
  3 wyverns
  2 hungry ghosts (D:9)
  2 vampire mosquitoes (D:11)
  Grum (D:9)
  2 steam dragons
  Edmund (D:5)
  2 wargs (D:12)
  9 water moccasins
  8 soldier ants
  6 porcupines
  4 ice beasts
  9 orc warriors
  4 sky beasts
  A black bear (D:11)
  An eye of draining (D:13)
  A phantom (D:10)
  2 necrophages
  13 wolves
  4 ogres
  13 centaurs
  2 big kobolds
  7 crocodiles
  10 bullfrogs
  A water moccasin zombie (D:8)
  2 scorpions (D:10)
  A wyvern skeleton (D:15)
  A water moccasin skeleton (D:4)
  6 wights
  4 howler monkeys
  An electric eel (D:7)
  6 crimson imps
  A bullfrog zombie (D:6)
  3 jellies
  3 bullfrog skeletons
  5 orc priests
  3 centaur skeletons
  3 hounds
  7 orc wizards
  Ijyb (D:4)
  2 iguanas
  27 worker ants
  2 hound zombies
  A hound skeleton (D:5)
  Robin (D:2)
  A howler monkey zombie (D:2)
  A worker ant zombie (D:8)
  8 adders
  4 shadow imps
  An ooze (D:5)
  2 adder zombies
  2 adder skeletons
  3 worms
  2 dart slugs
  5 leopard geckos
  46 orcs
  A bat skeleton (D:2)
  3 giant cockroaches
  20 goblins
  16 hobgoblins
  7 jackals
  5 quokkas
  A ball python (D:3)
  7 bats
  7 frilled lizards
  A giant cockroach zombie (D:2)
  A jackal zombie (D:5)
  13 kobolds
  A quokka skeleton (D:9)
  A quokka zombie (D:6)
  7 rats
  2 butterflies
491 creatures vanquished.

Vanquished Creatures (others)
  4 fungi (D:13)
4 creatures vanquished.

Grand Total: 495 creatures vanquished

Notes
Turn   | Place    | Note
-------+----------+-------------------------------------------
     0 | D:1      | protoss039 the Deep Elf Earth Elementalist began the quest
                  | for the Orb.
     0 | D:1      | Reached XP level 1. HP: 10/10 MP: 6/6
   214 | D:1      | Reached XP level 2. HP: 14/15 MP: 6/8
   696 | D:1      | Learned a level 2 spell: Passwall
  1022 | D:1      | Reached XP level 3. HP: 19/19 MP: 8/10
  1059 | D:1      | Learned a level 3 spell: Stone Arrow
  1230 | D:2      | Reached skill level 4 in Spellcasting
  1598 | D:2      | Noticed Robin
  1847 | D:2      | Killed Robin
  1847 | D:2      | Reached XP level 4. HP: 21/24 MP: 6/12
  2474 | D:3      | Reached skill level 5 in Spellcasting
  2807 | D:3      | Found a sparkling altar of Nemelex Xobeh.
  3361 | D:3      | Reached XP level 5. HP: 24/28 MP: 2/15
  3671 | D:4      | Noticed Ijyb
  3678 | D:4      | Killed Ijyb
  3678 | D:4      | Reached skill level 5 in Earth Magic
  3928 | D:4      | Reached skill level 6 in Spellcasting
  3928 | D:4      | Reached skill level 1 in Conjurations
  4095 | D:4      | Found a staircase to the Ecumenical Temple.
  4125 | Temple   | Entered the Ecumenical Temple
  4201 | Temple   | Became a worshipper of Vehumet
  4616 | D:5      | Entered Level 5 of the Dungeon
  4619 | D:5      | Noticed Edmund
  4629 | D:5      | Killed Edmund
  4629 | D:5      | Reached XP level 6. HP: 28/32 MP: 2/17
  4785 | D:5      | Reached skill level 7 in Spellcasting
  4859 | D:5      | Noticed a sky beast
  4862 | D:5      | Killed a sky beast
  4862 | D:5      | Reached XP level 7. HP: 36/36 MP: 16/20
  5630 | D:5      | Reached skill level 8 in Spellcasting
  5707 | D:6      | Learned a level 4 spell: Petrify
  5713 | D:6      | Learned a level 5 spell: Lee's Rapid Deconstruction
  6222 | D:6      | Reached * piety under Vehumet
  6222 | D:6      | Offered knowledge of Freeze by Vehumet.
  6345 | D:6      | Found a glowing golden altar of the Shining One.
  6365 | D:6      | Reached skill level 9 in Spellcasting
  6378 | D:6      | Reached XP level 8. HP: 41/41 MP: 6/23
  6795 | D:7      | Noticed Pikel
  6845 | D:7      | Noticed a hippogriff
  6864 | D:7      | Killed a hippogriff
  6973 | D:7      | Reached skill level 10 in Spellcasting
  7177 | D:7      | Noticed a hippogriff
  7770 | D:7      | Reached skill level 11 in Spellcasting
  7770 | D:7      | Reached XP level 9. HP: 45/45 MP: 1/26
  8044 | D:7      | Found Pucrus's Elemental Accessories.
  8232 | D:7      | Noticed Duvessa
  8232 | D:7      | Noticed Dowan
  8464 | D:8      | Noticed Psyche
  8466 | D:8      | Killed Psyche
  8475 | D:8      | Noticed a two-headed ogre
  8479 | D:8      | Killed a two-headed ogre
  8479 | D:8      | Reached skill level 12 in Spellcasting
  8479 | D:8      | Reached skill level 10 in Earth Magic
  8509 | D:8      | Noticed Erica
  8656 | D:8      | Offered knowledge of Magic Dart by Vehumet.
  8675 | D:8      | Killed Erica
  8675 | D:8      | Reached ** piety under Vehumet
  8675 | D:8      | Reached skill level 13 in Spellcasting
  8675 | D:8      | Reached XP level 10. HP: 34/50 MP: 9/29
  9941 | D:9      | Noticed Grum
  9972 | D:9      | Killed Grum
  9972 | D:9      | Reached skill level 14 in Spellcasting
 10091 | D:9      | Offered knowledge of Frozen Ramparts by Vehumet.
 10146 | D:9      | Got a scintillating brass ring
 10149 | D:9      | Identified the ring of Lies {rElec rF- MP+9 Str+2 Int+7}
                  | (You found it on level 9 of the Dungeon)
 10192 | D:9      | Noticed a two-headed ogre
 10195 | D:9      | Killed a two-headed ogre
 10290 | D:9      | Found Jugik's Assorted Antiques.
 10293 | D:9      | Bought a scroll labeled OCLOHOE DAIMI for 34 gold pieces
 10293 | D:9      | Bought a scroll labeled NOCYNE XOMUKH for 34 gold pieces
 10295 | D:9      | Reached *** piety under Vehumet
 10665 | D:10     | Entered Level 10 of the Dungeon
 10733 | D:10     | Offered knowledge of Olgreb's Toxic Radiance by Vehumet.
 10872 | D:10     | Noticed a two-headed ogre
 10874 | D:10     | Killed a two-headed ogre
 10874 | D:10     | Reached skill level 15 in Spellcasting
 10874 | D:10     | Reached XP level 11. HP: 54/54 MP: 29/32
 11416 | D:10     | Identified a scroll of acquirement
 11426 | D:10     | Learned a level 6 spell: Statue Form
 11433 | D:10     | Learned a level 6 spell: Iron Shot
 11443 | D:10     | Learned a level 9 spell: Shatter
 11469 | D:11     | Reached **** piety under Vehumet
 12456 | D:11     | Offered knowledge of Irradiate by Vehumet.
 12471 | D:11     | Noticed a two-headed ogre
 12474 | D:11     | Killed a two-headed ogre
 12483 | D:11     | Reached skill level 16 in Spellcasting
 12585 | D:11     | Found a staircase to the Lair.
 12778 | D:12     | Noticed a two-headed ogre
 12791 | D:12     | Killed a two-headed ogre
 12992 | D:12     | Noticed Maurice
 13011 | D:12     | Killed Maurice
 13171 | D:12     | Found a staircase to the Orcish Mines.
 13402 | D:12     | Reached XP level 12. HP: 59/59 MP: 33/34
 13565 | D:12     | Reached ***** piety under Vehumet
 13565 | D:12     | Offered knowledge of Freezing Cloud by Vehumet.
 14115 | D:13     | Found a blossoming altar of Fedhas.
 14295 | D:13     | Noticed a centaur warrior
 14298 | D:13     | Killed a centaur warrior
 14298 | D:13     | Reached skill level 17 in Spellcasting
 14319 | D:13     | Noticed a death knight
 14733 | D:13     | Reached skill level 5 in Conjurations
 14733 | D:13     | Reached skill level 5 in Transmutations
 14733 | D:13     | Reached skill level 15 in Earth Magic
 14879 | D:13     | Killed a death knight
 14879 | D:13     | Reached skill level 18 in Spellcasting
 15158 | D:13     | Found a blossoming altar of Fedhas.
 15169 | D:13     | Learned a level 5 spell: Fireball
 15522 | D:13     | Noticed a two-headed ogre
 15527 | D:13     | Killed a two-headed ogre
 15535 | D:13     | Reached XP level 13. HP: 63/63 MP: 12/37
 15662 | D:13     | Found a gate to the Vaults.
 16982 | D:15     | Entered Level 15 of the Dungeon
 16986 | D:15     | Found a stormy altar of Qazlal.
 17075 | D:15     | Found a gate leading to a gauntlet.
 17269 | Gauntlet | Entered a Gauntlet
 17269 | Gauntlet | Found a transporter.
 17269 | Gauntlet | Found a transporter.
 17280 | Gauntlet | Found a transporter.
 17280 | Gauntlet | Found a transporter.
 17289 | Gauntlet | Found a transporter.
 17308 | Gauntlet | Found a transporter.
 17318 | Gauntlet | Found the +1 cloak of Starlight {rElec rC+ EV+4 Stlth--}
 17318 | Gauntlet | Found a transporter.
 17318 | Gauntlet | Found a transporter.
 17342 | Gauntlet | Found a transporter.
 17349 | Gauntlet | Found a transporter.
 17361 | Gauntlet | Found a transporter.
 17401 | Gauntlet | Found a transporter.
 17416 | Gauntlet | Found a transporter.
 17430 | Gauntlet | Found a transporter.
 17531 | Gauntlet | Found a transporter.
 17547 | Gauntlet | Found a transporter.
 17640 | Gauntlet | Offered knowledge of Starburst by Vehumet.
 17764 | Gauntlet | Reached skill level 19 in Spellcasting
 17933 | Gauntlet | Noticed a minotaur
 17936 | Gauntlet | Killed a minotaur
 18229 | D:15     | Found a staircase to the Depths.
 19312 | Lair:1   | Entered Level 1 of the Lair of Beasts
 19642 | Lair:1   | Reached skill level 20 in Spellcasting
 19764 | Lair:1   | Reached XP level 14. HP: 68/68 MP: 40/40
 21021 | Lair:2   | Noticed Gastronok
 21026 | Lair:2   | Killed Gastronok
 23679 | Lair:4   | HP: 1/68 [basilisk (3)]
 23679 | Lair:4   | Mangled by an elephant

Illustrated notes

Levels and vault maps discovered:
D:1:      dpeg_arrival_orchard, layout_rooms, minmay_misc_feat_hallway
D:2:      layout_basic, serial_undead, serial_undead_d, serial_undead_a,
          serial_undead_c, serial_undead_f, uniq_robin
D:3:      layout_loops_corners, nemelex_xobeh_ov_fountains_minmay, first_ration
D:4:      layout_loops_ring, temple_statues, uniq_ijyb
D:5:      layout_loops_ring, uniq_edmund
D:6:      layout_loops_ring, solitary_fountain, nicolae_tso_carved_into_rock
D:7:      layout_basic, enter_bailey_3, nicolae_elemental_shop, minivault_4,
          uniq_pikel, uniq_duvessa
D:8:      layout_cave_pools, serial_park, serial_park_paths
          [serial_park_minivault_5x5_3], serial_park_avenue1,
          serial_park_tiny_pond, the_bakery, uniq_psyche, uniq_erica
D:9:      layout_rooms, serial_shops, nicolae_shop_crystal, uniq_grum
D:10:     layout_rooms
D:11:     layout_basic, erik_lair_dragon
D:12:     layout_irregular_city, erik_orc_3, uniq_maurice
D:13:     layout_loops_ring, david_vaults_1, grunt_ministairs_2, kennysheep_nub,
          hangedman_tree_tricks, fedhas_altar_3
D:14:     layout_irregular_city, minmay_misc_feat_alley
D:15:     hangedman_depths_entry_try_elsewhere_first, layout_irregular_city,
          gauntlet_entry_generic, corexii_corridor_pit,
          nicolae_qazlal_style_of_elements
Temple:   grunt_wide_crystal_templ
Lair:1:   layout_long_grid, lemuel_fruit_fields
Lair:2:   layout_cave_pods, minmay_another_anthill, grunt_megastairs_3,
          uniq_gastronok
Lair:3:   layout_regular_city
Lair:4:   layout_regular_city, swamp_mist, nicolae_spider_entry_orb_guardian,
          chequers_serial_rivers_small_3, infiniplex_staircase_pool,
          lemuel_fruit_fields

Skill      XL: |  1  2  3  4  5  6  7  8  9 10 11 12 13 14 |
---------------+-------------------------------------------+-----
Earth Magic    | 4 5 6 7 9 11 12 14 15 16 17 | 17.4
Spellcasting   | 4 5 6 7 9 11 13 15 16 18 20 | 20.7
Conjurations   | 1 2 3 4 5 6 7 |  7.2
Transmutations | 2 3 5 6 |  6.5
Fighting       | |  0.7
Dodging        | |  2.5
Stealth        | |  2.4
Shields        | |  0.8

Action                   |  1- 3 |  4- 6 |  7- 9 | 10-12 | 13-15 || total
-------------------------+-------+-------+-------+-------+-------++-------
Melee: Dagger            |    57 |       |       |       |       ||    57
       Unarmed           |     9 |       |       |       |       ||     9
       Short sword       |    11 |    28 |     2 |    14 |       ||    55
       Spear             |       |       |       |    20 |    10 ||    30
 Cast: Sandblast         |    52 |    33 |    31 |    38 |    10 ||   164
       Stone Arrow       |    11 |    29 |    66 |    56 |     9 ||   171
       Lee's Rapid Decon |       |       |    23 |    82 |    38 ||   143
       Petrify           |       |       |     8 |     9 |       ||    17
       Iron Shot         |       |       |       |    65 |   152 ||   217
       Statue Form       |       |       |       |     4 |    12 ||    16
       Fireball          |       |       |       |     2 |       ||     2
       Passwall          |       |       |       |       |     1 ||     1
 Abil: End Transformatio |       |       |       |     3 |    10 ||    13
  Use: Scroll            |       |    12 |     5 |     5 |     5 ||    27
       Potion            |       |       |     5 |       |       ||     5
 Stab: Sleeping          |     1 |     2 |       |       |     1 ||     4
       Petrified         |       |       |     2 |       |       ||     2
  Eat: Chunk             |     4 |    10 |    14 |    15 |    14 ||    57
       Ration            |       |       |       |     2 |     3 ||     5
Armor: Robe              |    21 |     7 |       |       |     7 ||    35
       Leather armour    |       |     1 |    11 |    19 |     1 ||    32
       Skin              |       |       |       |    27 |    59 ||    86
Dodge: Dodged            |    76 |    28 |    22 |    66 |    53 ||   245
Block: Other             |       |       |       |     2 |    16 ||    18
       Reflection        |       |       |       |     2 |     3 ||     5
       Kite shield       |       |       |       |       |     8 ||     8
